AoeStats
← yatsude

Arena

509277157Analyzed
4v4 RM · 7d ago on Sep 26, 2026· 53m 45s· 8 players
Game mode
Random Map
Map size
Large (8 player)
Population
200
Speed
Normal
Resources
Standard
Victory
Conquest
Starting age
Dark Age
Ending age
Imperial Age
RankedLock teamsTeams togetherTeam positionsShared explorationLock speedFull tech treeHidden civsTurbo modeCheats
Victory
Defeat
🇨🇴 Bohemians · Colombia
1046
+17
🇨🇴 Danes · Colombia
1043
+17
🇨🇴 Persians · Colombia
1036
+17
🇨🇴 Franks · Colombia
1032
+17
🇨🇳 Turks · China
1116
-20
🇲🇽 Britons · Mexico
1086
-51
🇦🇺 Poles · Australia
1045
-16
🇨🇳 Khmer · China
991
-14
523988158
0:30 Loom
11:27 Feudal Age
16:26 Castle Age
15:16 Double-Bit Axe
15:40 Horse Collar
17:43 Wheelbarrow
42:49 Imperial Age
43:58 Padded Archer Armor
48:51 Husbandry
48:11 Heavy Camel Rider
50:22 Leather Archer Armor
49:58 Fletching
51:24 Scale Barding Armor
51:30 Forging
eleaza2008
4:12 Loom
11:20 Feudal Age
12:08 Double-Bit Axe
12:05 Horse Collar
14:07 Wheelbarrow
22:56 Castle Age
20:53 Gold Mining
20:53 Stone Mining
21:11 Padded Archer Armor
22:33 Fletching
23:46 Heavy Plow
24:00 Bow Saw
24:18 Hand Cart
25:29 Gold Shaft Mining
25:59 Scale Barding Armor
29:49 Leather Archer Armor
35:50 Imperial Age
33:19 Town Watch
34:26 Town Patrol
36:34 Yeomen
37:58 Conscription
37:48 Heavy Scorpion
39:18 Treadmill Crane
39:35 Murder Holes
40:43 Chemistry
40:05 Ballistics
39:39 Heated Shot
40:23 Ring Archer Armor
39:18 Cavalier
39:59 Husbandry
41:31 Guard Tower
41:53 Fortified Wall
41:57 Masonry
41:52 Siege Engineers
43:10 Scale Barding Armor
42:35 Elite Longbowman
天成
0:30 Loom
12:03 Feudal Age
15:16 Castle Age
13:43 Double-Bit Axe
13:42 Horse Collar
14:44 Stone Mining
17:07 Wheelbarrow
17:49 Heavy Plow
22:21 Bow Saw
23:42 Hand Cart
25:42 Pikeman
31:20 Imperial Age
31:11 Fortified Wall
31:23 Ballistics
31:17 Forging
31:08 Scale Mail Armor
31:21 Gold Mining
32:07 Stone Shaft Mining
31:25 Heavy Scorpion
34:36 Gold Shaft Mining
34:30 Padded Archer Armor
34:20 Fletching
35:33 Chemistry
34:41 Siege Engineers
35:58 Hoardings
38:24 Leather Archer Armor
38:05 Bodkin Arrow
38:47 Iron Casting
38:27 Chain Mail Armor
40:20 Ring Archer Armor
39:50 Bracer
44:02 Halberdier
46:08 Blast Furnace
islesofurth
0:26 Loom
12:20 Feudal Age
16:47 Castle Age
14:57 Double-Bit Axe
17:33 Fletching
19:40 Bow Saw
21:05 Wheelbarrow
20:16 Town Watch
20:36 Horse Collar
22:14 Hand Cart
21:42 Crossbowman
22:49 Pikeman
24:52 Bodkin Arrow
25:30 Ballistics
26:05 Thumb Ring
27:23 Padded Archer Armor
27:35 Fortified Wall
29:13 Heavy Plow
32:44 Imperial Age
31:57 Leather Archer Armor
32:22 Light Cavalry
33:13 Bloodlines
33:04 Husbandry
33:16 Forging
33:11 Scale Barding Armor
32:47 Arbalester
34:31 Chemistry
37:44 Winged Hussar
50:31 Crop Rotation
racied7
12:04 Feudal Age
16:36 Castle Age
15:29 Loom
16:03 Scale Barding Armor
15:52 Double-Bit Axe
17:58 Husbandry
19:20 Chain Barding Armor
21:36 Bow Saw
34:01 Wheelbarrow
34:45 Forging
40:18 Imperial Age
38:05 Hand Cart
39:46 Squires
39:08 Pikeman
40:02 Arson
40:03 Gambesons
40:56 Iron Casting
40:22 Scale Mail Armor
42:06 Chemistry
41:13 Siege Engineers
41:03 Murder Holes
40:50 Treadmill Crane
41:22 Fortified Wall
41:13 Gold Mining
41:35 Cavalier
44:24 Plate Barding Armor
44:11 Chain Mail Armor
45:48 Blast Furnace
45:25 Caravan
47:09 Paladin
48:35 Conscription
49:46 Coinage
DICO
10:54 Feudal Age
14:39 Castle Age
12:54 Double-Bit Axe
14:54 Loom
16:10 Bow Saw
17:32 Arson
24:30 Forging
24:23 Scale Mail Armor
31:15 Forging
43:09 Imperial Age
41:19 Wheelbarrow
42:35 Gold Mining
44:55 Chemistry
43:17 Onager
44:28 Conscription
45:16 Capped Ram
46:14 Siege Onager
46:17 Siege Ram
47:59 Siege Engineers
52:37 Elite Jomsviking
Galahad
11:04 Feudal Age
15:12 Castle Age
13:53 Double-Bit Axe
13:54 Horse Collar
15:18 Town Watch
18:12 Chemistry
18:43 Bow Saw
18:44 Heavy Plow
21:15 Fervor
22:32 Wheelbarrow
30:32 Imperial Age
27:54 Loom
29:58 Padded Archer Armor
30:39 Hand Cart
30:25 Town Patrol
29:58 Pikeman
30:38 Squires
30:43 Scale Mail Armor
30:56 Forging
32:13 Conscription
32:04 Caravan
32:17 Guilds
33:54 Two-Man Saw
35:51 Halberdier
36:17 Arson
36:49 Chain Mail Armor
37:10 Iron Casting
38:15 Wagenburg Tactics
40:06 Plate Mail Armor
40:38 Blast Furnace
42:41 Houfnice
44:07 Siege Engineers
46:19 Leather Archer Armor
45:55 Fletching
49:24 Coinage
50:46 Sanctity
51:34 Banking
yatsude
11:04 Feudal Age
15:44 Castle Age
14:19 Double-Bit Axe
17:16 Bow Saw
17:36 Husbandry
18:10 Horse Collar
27:45 Heavy Plow
27:43 Town Watch
28:46 Wheelbarrow
30:09 Scale Barding Armor
30:15 Forging
30:37 Bloodlines
31:16 Hand Cart
31:38 Chain Barding Armor
34:14 Imperial Age
33:11 Iron Casting
33:51 Cavalier
35:35 Savar
37:46 Gold Mining
40:02 Gold Shaft Mining
43:46 Plate Barding Armor
44:19 Blast Furnace
47:42 Chemistry
47:02 Ballistics
46:54 Masonry
46:39 Murder Holes
Connection lost

Rejoining the realm…

Still unreachable

The connection could not be restored.

Session expired

The server has moved on; the page needs a fresh start.